 Dungeon Crawl Stone Soup version 0.29-a0-541-gaf1fc19f1b (webtiles) character file.

Game seed: 1293646850965599783

363 Anon1729 the Slasher (level 7, -2/88 HPs)
             Began as a Meteoran Monk on June 2, 2022.
             Slain by an orc
             ... wielding a +0 whip
              (3 damage)
             ... on level 5 of the Dungeon.
             The game lasted 00:07:33 (2415 turns).

Anon1729 the Slasher (Meteoran Monk)                Turns: 2415, Time: 00:07:34

Health: -2/88      AC: -14   Str: 14    XL:     7   Next: 20%
Magic:  10/10      EV: 15    Int: 11    God:
Gold:   133        SH:  0    Dex: 24    Spells: 6/6 levels left

rFire   . . .      SeeInvis .   a - +0 falchion
rCold   . . .      Faith    .   (no shield)
rNeg    . . .      Spirit   .   b - +0 robe
rPois   .          Reflect  .   (no helmet)
rElec   .          Harm     .   (no cloak)
rCorr   .          Rampage  .   q - +0 pair of gloves
Will    .....                   t - +1 pair of boots
Stlth   ..........              (no amulet)
HPRegen 0.24/turn               c - +6 ring of dexterity
MPRegen 0.12/turn               (no ring)

@: berserking, corroded, flying, glowing, very quick
A: sense surroundings 1, otherworldly, glowing, explore regen
a: no special abilities


You were on level 5 of the Dungeon.
You visited 1 branch of the dungeon, and saw 5 of its levels.

You collected 133 gold pieces.

Inventory:

Hand Weapons
 a - a +0 falchion (weapon)
 f - a +0 dagger
 j - a +1 vampiric whip
 v - a +0 great sword
Armour
 b - a +0 robe (worn)
 o - a +0 chain mail
 q - a +0 pair of gloves (worn)
 t - a +1 pair of boots (worn)
Jewellery
 c - a +6 ring of dexterity (left hand)
Scrolls
 g - a scroll of silence
 h - 2 scrolls of amnesia
 i - a scroll of enchant armour
 u - a scroll of identify
Potions
 d - a potion of lignification {unknown}
 e - a potion of berserk rage
 k - a potion of degeneration {unknown}
 p - 2 potions of mutation {unknown}
 r - a potion of flight
 s - 2 potions of attraction


   Skills:
 + Level 4.3 Fighting
 * Level 5.8 Long Blades
 + Level 3.0 Armour
 + Level 4.8 Dodging
 - Level 1.4 Stealth
 + Level 3.3 Invocations


You had 6 spell levels left.
You didn't know any spells.
Your spell library contained the following spells:

 Spells                   Type           Power      Damage    Failure   Level
 Shock                    Conj/Air       0%         1d3       34%         1
 Passwall                 Tmut/Erth      0%         N/A       47%         2
 Wereblood                Tmut           0%         N/A       47%         2
 Irradiate                Conj/Tmut      0%         3d13      100%        5


Dungeon Overview and Level Annotations

Branches:
Dungeon (5/15)
 Temple: D:4-7

Altars:


Innate Abilities, Weirdness & Mutations

You passively map a small area around you.
You are easily found by Zot.
You glow in the dark.
You regain HP and MP as you explore.


Message History

Found a robe.
The orc is attracted toward you. The orc is attracted toward you.
You hit the phantom but do no damage. The phantom hits you.
You hit the phantom but do no damage. The phantom hits you!
The ogre is attracted toward you.
You hit the phantom but do no damage. The phantom completely misses you.
You hit the phantom.
You punch the phantom, but do no damage.
The phantom is lightly damaged.
The phantom completely misses you.
You hit the phantom but do no damage.
You punch the phantom, but do no damage.
The phantom is lightly damaged.
The phantom hits you.
The phantom blinks!
You blink.
You hit the phantom but do no damage.
The phantom is lightly damaged.
The phantom hits you! The orc completely misses you.
You hit the phantom.
The phantom is lightly damaged.
The ogre hits you with a +0 giant club!!
* * * LOW HITPOINT WARNING * * *
The phantom hits you.
* * * LOW HITPOINT WARNING * * *
The phantom blinks!
You blink.
The orc is attracted toward you. x2
The ogre is attracted toward you.
You feel less attractive to monsters. The phantom attacks as you move away!
The phantom hits you.
* * * LOW HITPOINT WARNING * * *
It was a potion of flight.
You feel very buoyant.
You fly up into the air.
The phantom hits you.
* * * LOW HITPOINT WARNING * * *
The orc barely misses you.
It was a potion of berserk rage.
A red film seems to cover your vision as you go berserk!
You feel yourself moving faster!
You feel mighty! The phantom misses you.
The ogre hits you with a +0 giant club!
* * * LOW HITPOINT WARNING * * *
The orc hits you with a +0 whip.
You die...

,, , .. .### #.,
...###* . ,..... * *
.##...###. * ,
#......... ## ,
#........##., *
#........#. #.
#@O[......#, * ,
#.#*#Woo......##### ..
, *
..###...##...#o..#...
* *
*.[.##......#.O.§.#
#.......$.##..o## ,
####....#....#§###.# *
*#......##...#...#,§.#
, #.....###...#,.§##
.....####.# #...# .#.


You could see an ogre, a phantom and 2 orcs.

Vanquished Creatures
  A necrophage (D:5)
  A jelly (D:4)
  3 hounds (D:4)
  Jessica (D:2)
  An iguana (D:4)
  4 adders
  A white imp (D:5)
  An ufetubus (D:4)
  2 worms
  3 dart slugs
  An orc (D:4)
  6 endoplasms
  2 giant cockroaches (D:3)
  4 goblins
  8 hobgoblins
  14 jackals
  2 quokkas
  7 ball pythons
  4 bats
  3 kobolds
  6 rats
75 creatures vanquished.

Notes
Turn   | Place    | Note
-------+----------+-------------------------------------------
     0 | D:1      | Anon1729 the Meteoran Monk began the quest for the Orb.
     0 | D:1      | Reached XP level 1. HP: 19/19 MP: 2/2
    60 | D:1      | Reached XP level 2. HP: 15/26 MP: 3/3
    86 | D:1      | Reached skill level 1 in Invocations
   116 | D:1      | Found a faded altar of an unknown god.
   120 | D:1      | Got Plato's Catalogue of Weightlessness
   201 | D:1      | Reached skill level 4 in Long Blades
   201 | D:1      | Reached XP level 3. HP: 22/31 MP: 4/4
   212 | D:1      | Got the Compendium of Shape Shifting
   243 | D:1      | Reached skill level 1 in Armour
   491 | D:1      | Glimpsed the power of Zot.
   526 | D:2      | Noticed Jessica
   531 | D:2      | Killed Jessica
   532 | D:2      | Reached XP level 4. HP: 33/39 MP: 6/6
   778 | D:1      | Reached XP level 5. HP: 39/46 MP: 7/7
  1712 | D:4      | Reached skill level 5 in Long Blades
  1762 | D:4      | Reached XP level 6. HP: 47/52 MP: 8/8
  2099 | D:4      | HP: 2/52 [acid (10)]
  2282 | D:4      | Glimpsed the power of Zot.
  2297 | D:5      | Entered Level 5 of the Dungeon
  2325 | D:5      | Reached XP level 7. HP: 54/59 MP: 10/10
  2375 | D:5      | HP: 1/59 [orc/+0 club (4)]
  2415 | D:5      | HP: 1/88 [ogre/+0 giant club (14)]
  2415 | D:5      | Slain by an orc

Illustrated notes

Levels and vault maps discovered:
D:1:      lemuel_arrival_lava_pool, layout_basic,
          shapermc_ecumenical_altar_rom_forum
D:2:      layout_basic, glass_columns_a, uniq_jessica
D:3:      layout_loops_corners
D:4:      layout_basic, minitemple, dk_noncrumbling_3
D:5:      nicolae_cairo_tiling, layout_rooms, nicolae_uskayaw_suspiria,
          mainiacjoe_overflow_small_starburst

Skill      XL: |  1  2  3  4  5  6  7 |
---------------+----------------------+-----
Invocations    | 1 2 3 |  3.3
Long Blades    | 4 5 |  5.8
Armour         | 1 2 3 |  3.0
Dodging        | 4 |  4.8
Fighting       | 4 |  4.3
Stealth        | |  1.4

Action                   |  1- 3 |  4- 6 |  7- 9 || total
-------------------------+-------+-------+-------++-------
Melee: Falchion          |    87 |   170 |    19 ||   276
       Punch             |       |     4 |     2 ||     6
  Use: Scroll            |       |     4 |     2 ||     6
       Potion            |       |     1 |     8 ||     9
 Stab: Sleeping          |     1 |     1 |       ||     2
Armor: Robe              |    17 |    54 |     2 ||    73
Dodge: Dodged            |    60 |    93 |    31 ||   184

Table legend: (Time is in decaauts)
 A = Elapsed time spent in this place.
 B = Non-inter-level travel time spent in this place.
 C = Inter-level travel time spent in this place.
 D = Time resting spent in this place.
 E = Time spent auto-exploring this place.
 F = Levels seen in this place.
 G = Mean time per level.
                   A        B        C        D        E       F      G
               +--------+--------+--------+--------+--------+-----+--------+
         Total |   2433 |   2393 |     40 |      2 |   1123 |   5 |  486.6 |
       Dungeon |   2433 |   2393 |     40 |      2 |   1123 |   5 |  486.6 |
               +--------+--------+--------+--------+--------+-----+--------+

Top non-repeatable levels by time:
     D:3: 812 daAuts
     D:4: 684 daAuts
     D:1: 564 daAuts
     D:2: 265 daAuts
     D:5: 106 daAuts
